Map: Pendiente de Agustín EE

Players

TATORREA

  • Race: Protoss Protoss
  • League: Gold
  • Spawn Location: 5:00

MrFercho

  • Race: Zerg Zerg
  • League: Gold
  • Spawn Location: 6:00

tigro

  • Race: Terran Terran
  • League: Bronze
  • Spawn Location: 6:00

PtonerBoner - Winner!

  • Race: Terran Terran
  • League: Silver
  • Spawn Location: 12:00

PanzerMkv - Winner!

  • Race: Terran Terran
  • League: Bronze
  • Spawn Location: 11:00

Marchie - Winner!

  • Race: Zerg Zerg
  • League: Gold
  • Spawn Location: 12:00

VOD

Have the link to the VOD?

Description

Time

  • Played on: Aug. 4, 2020, 8:43 p.m.
  • Length: 15:17
Show
View Real Time Build Order
Export as new Build Order

TATORREA Protoss 

Build Orders:  

Get SALT Encoding   

  12  0:10  Probe  
  13  0:22  Probe  
  14  0:37  Pylon  
  14  0:47  Probe  
  15  0:59  Probe  
  16  1:09  Gateway x2  
  16  1:11  Gateway, Probe (Chrono Boost)  
  17  1:19  Assimilator  
  17  1:23  Probe (Chrono Boost)  
  18  1:30  Probe (Chrono Boost)  
  19  1:37  Probe  
  20  1:49  Pylon, Probe  
  21  2:01  Assimilator  
  21  2:02  Probe  
  22  2:14  Cybernetics Core  
  22  2:18  Probe  
  23  2:26  Nexus  
  23  2:30  Probe  
  23  2:33  Pylon  
  24  2:42  Probe  
  25  2:52  Warp Gate  
  25  2:55  Stalker (Chrono Boost)  
  25  2:58  Sentry (Chrono Boost)  
  29  3:03  Stalker (Chrono Boost)  
  29  3:04  Probe  
  32  3:16  Probe  
  33  3:23  Pylon  
  33  3:25  Zealot  
  35  3:27  Shield Battery  
  35  3:28  Probe  
  35  3:32  Zealot  
  38  3:38  Zealot  
  38  3:40  Probe  
  41  3:43  Probe  
  42  3:52  Probe  
  42  3:54  Zealot  
  42  3:55  Probe  
  46  4:00  Sentry  
  48  4:05  Stalker, Probe  
  48  4:08  Probe  
  52  4:18  Probe  
  52  4:20  Probe  
  54  4:30  Probe  
  55  4:34  Probe  
  55  4:36  Forge  
  55  4:37  Stargate  
  56  4:39  Assimilator  
  56  4:41  Assimilator  
  56  4:42  Probe  
  57  4:46  Probe  
  57  4:47  Stalker  
  57  4:49  Stalker  
  62  5:18  Pylon  
  62  5:19  Protoss Ground Weapons Level 1 (Chrono Boost)  
  62  5:22  Pylon  
  62  5:36  Void Ray, Probe x2  
  64  5:48  Probe x2  
  64  5:49  Stalker x2  
  58  5:50  Stalker  
  50  6:16  Zealot x2  
  50  6:17  Zealot  
  56  6:23  Cybernetics Core  
  44  6:40  Zealot x2  
  44  6:46  Void Ray (Chrono Boost)  
  26  7:18  Void Ray (Chrono Boost)  
Show
View Real Time Build Order
Export as new Build Order

MrFercho Zerg 

Build Orders: Pool First 

Get SALT Encoding   

  12  0:18  Spawning Pool  
  11  0:26  Drone x2  
  13  0:36  Overlord  
  13  0:40  Drone  
  14  0:54  Drone  
  15  1:00  Drone  
  16  1:07  Queen  
  18  1:13  Zergling x2  
  19  1:24  Zergling x2  
  20  1:37  Hatchery  
  19  1:42  Zergling x2  
  20  1:48  Drone  
  20  1:52  Drone  
  22  2:07  Overlord  
  22  2:16  Extractor  
  22  2:21  Drone  
  22  2:29  Drone x3  
  25  2:52  Drone x3  
  25  2:53  Drone x2  
  30  3:02  Queen  
  30  3:03  Drone x2  
  34  3:37  Drone x2  
  34  3:38  Overlord x4  
  36  3:45  Extractor  
  35  3:49  Roach Warren  
  35  3:50  Drone  
  35  3:51  Drone  
  35  3:52  Overlord  
  35  3:54  Overlord  
  36  4:09  Drone  
  37  4:10  Drone  
  37  4:13  Drone  
  37  4:14  Drone x3  
  43  4:17  Drone  
  43  4:24  Metabolic Boost  
  43  4:26  Zergling x2  
  44  4:37  Extractor  
  43  4:38  Lair  
  43  4:56  Roach x4  
  43  4:58  Overlord x2  
  51  5:00  Drone x2  
  51  5:01  Drone  
  51  5:02  Drone x3  
  56  5:19  Drone  
  56  5:20  Hatchery  
  56  5:21  Roach x2  
  60  5:28  Zergling x2  
  60  5:29  Zergling x10  
  66  5:43  Zergling x6  
  68  5:56  Ravager x4  
  72  5:59  Zergling x10  
  75  6:05  Baneling Nest  
  58  6:31  Roach x6  
  56  6:54  Roach  
  56  6:55  Roach x4  
  66  7:07  Roach x7  
  80  7:22  Overlord, Roach  
  70  7:40  Roach x4  
  70  7:41  Roach x6  
  90  7:55  Glial Reconstitution  
  86  8:11  Roach x10  
  106  8:27  Roach  
  106  8:39  Overlord x5  
  106  8:53  Extractor  
  93  9:02  Roach x12  
  119  9:17  Roach x5  
  127  9:29  Overlord x2  
  127  9:30  Overlord  
  127  9:32  Roach x4  
  135  9:51  Roach x5  
  141  10:05  Hatchery  
  132  10:08  Hatchery  
  121  10:26  Roach  
  121  10:27  Roach x9  
  79  10:45  Roach x10  
  79  10:47  Overlord  
  99  10:59  Evolution Chamber  
  99  11:00  Evolution Chamber  
  97  11:08  Roach  
  97  11:09  Roach x12  
  107  11:22  Roach x5  
  115  11:37  Evolution Chamber  
  115  11:41  Hydralisk Den  
  89  12:18  Hatchery  
  82  12:25  Roach x8  
  82  12:26  Roach x6  
  90  12:39  Roach  
  90  12:40  Roach x3  
  90  12:43  Queen  
  98  12:44  Queen  
  76  12:59  Zerg Ground Armor Level 1, Zerg Missile Weapons Level 1  
  76  13:04  Muscular Augments  
  76  13:10  Roach  
  76  13:11  Roach x9  
  88  13:37  Roach x11  
  108  13:46  Zergling x2  
  108  13:47  Zergling x4  
  72  14:00  Hatchery  
  67  14:11  Roach x2  
  67  14:12  Roach x8  
  67  14:14  Overseer  
  67  14:16  Hydralisk  
  87  14:17  Hydralisk  
  46  15:00  Hatchery  
  69  15:07  Hatchery  
Show
View Real Time Build Order
Export as new Build Order

tigro Terran 

Build Orders:  

Get SALT Encoding   

  12  0:13  SCV  
  13  0:14  Supply Depot  
  13  0:25  SCV  
  14  0:37  SCV  
  14  0:40  Barracks  
  15  0:49  SCV  
  16  0:52  Refinery  
  16  1:01  SCV  
  17  1:13  SCV  
  17  1:17  Supply Depot  
  18  1:25  SCV  
  18  1:28  Marine  
  20  1:37  SCV  
  21  1:46  Marine  
  22  1:50  SCV  
  22  1:51  Refinery  
  23  2:02  SCV  
  23  2:04  Marine  
  25  2:09  Factory  
  25  2:18  SCV  
  25  2:22  Marine  
  27  2:39  Orbital Command  
  27  2:40  Marine  
  28  2:48  Engineering Bay  
  28  2:53  Factory Tech Lab  
  28  3:06  Barracks Tech Lab, Starport  
  28  3:23  Terran Infantry Weapons Level 1  
  28  3:30  Siege Tank  
  31  3:47  Starport Tech Lab  
  31  4:03  Siege Tank  
  31  4:07  Command Center  
  34  4:12  Medivac  
  36  4:21  Combat Shield  
  36  5:13  Marine  
  37  5:20  Refinery  
  37  5:23  Barracks, SCV  
  38  5:31  Marine  
  40  5:35  SCV  
  39  5:47  SCV  
  39  5:49  Marine  
  37  5:59  SCV  
  38  6:07  Marine  
  35  6:12  SCV  
  35  6:14  Marine  
  35  6:17  Medivac  
  39  6:18  Siege Tank  
  39  6:24  SCV  
  39  6:25  Marine  
  42  6:32  Marine  
  42  6:36  SCV  
  43  6:43  Marine  
  44  6:48  SCV  
  44  6:49  Marine  
  44  6:51  Siege Tank  
  49  7:00  Marine  
  45  7:07  Marine, Planetary Fortress  
  38  7:18  Marine  
  32  7:23  Siege Tank  
  32  7:25  Marine  
  36  7:55  Siege Tank, SCV  
  36  7:58  Barracks Reactor  
  40  7:59  Marine  
  40  8:01  Medivac  
  43  8:07  SCV  
  44  8:17  Marine  
  44  8:19  SCV  
  44  8:31  SCV  
  44  8:35  Marine  
  45  8:43  SCV  
  46  8:52  Marine  
Show
View Real Time Build Order
Export as new Build Order

PtonerBoner Terran - Winner!

Build Orders:  

Get SALT Encoding   

  12  0:00  SCV  
  13  0:15  Supply Depot  
  13  0:18  SCV  
  14  0:30  SCV  
  15  0:39  Supply Depot  
  16  0:42  SCV  
  16  0:55  SCV  
  17  1:01  Supply Depot, Refinery  
  17  1:07  SCV  
  18  1:26  Supply Depot  
  18  1:46  Barracks  
  18  1:49  Barracks, Supply Depot  
  18  1:51  Barracks  
  18  2:03  SCV  
  19  2:15  SCV  
  20  2:21  Supply Depot  
  20  2:23  Barracks  
  20  2:41  Barracks Tech Lab  
  20  2:53  Marine x2  
  22  3:01  Barracks  
  22  3:08  Marine  
  22  3:10  Marine  
  22  3:11  Marine  
  22  3:12  Combat Shield  
  25  3:24  Refinery  
  25  3:26  Marine  
  26  3:27  SCV  
  26  3:32  Supply Depot  
  27  3:37  Marine x2  
  27  3:38  Marine  
  27  3:39  SCV  
  31  3:44  Marine  
  32  3:52  Barracks  
  32  3:55  Marine  
  33  3:56  Marine  
  33  3:57  Marine  
  33  4:00  Marine  
  36  4:04  Marine  
  37  4:13  Marine  
  37  4:15  Marine x2  
  40  4:18  Marine  
  40  4:22  Marine  
  42  4:30  Marine  
  43  4:33  Marine x2  
  43  4:36  Marine  
  43  4:38  Stimpack  
  46  4:41  Marine  
  46  4:44  Marine  
  48  4:48  Marine  
  49  5:10  Marine  
  49  5:11  Marine x5  
  55  5:28  Marine x2  
  55  5:29  Marine x4  
  59  5:46  Marine x4  
  59  5:47  Marine  
  60  5:51  Marine  
  54  6:04  Marine x4  
  54  6:06  Marine  
  54  6:08  Marine  
  44  6:22  Marine x4  
  44  6:24  Marine  
  49  6:26  Marine  
  47  6:39  Marine  
  47  6:40  Marine x3  
  47  6:42  Marine  
  52  6:50  Marine  
  49  6:57  Marine x2  
  49  6:58  Marine x2  
  49  6:59  Marine  
  49  7:08  Marine  
  49  7:15  Marine x3  
  49  7:16  Marine  
  49  7:18  Marine  
  49  7:26  Marine  
  44  7:33  Marine x4  
  44  7:36  Marine  
  34  7:51  Marine  
  34  7:52  Marine x4  
  34  7:53  Marine  
  36  8:09  Marine x2  
  36  8:10  Marine x2  
  40  8:13  Marine x2  
  42  8:27  Marine x2  
  42  8:28  Marine x2  
  42  8:31  Marine  
  26  9:12  Marine x6  
  28  9:29  Marine  
  28  9:30  Marine x4  
  33  9:41  Marine  
  34  9:47  Marine x2  
  33  9:58  Marine  
  26  10:01  Marine x3  
  19  10:36  Marine x5  
  24  11:28  Marine x3  
  27  11:40  Marine x3  
  27  11:46  Marine x2  
  32  11:50  Marine  
  33  11:57  Marine  
  34  12:11  Marine x3  
  34  12:12  Marine x2  
  36  12:15  Marine  
  28  12:29  Marine x2  
  29  12:30  Marine x3  
  29  12:33  Marine  
  33  12:47  Marine x3  
  33  12:48  Marine x2  
  33  12:51  Marine  
  39  13:04  Marine  
  39  13:05  Marine x3  
  41  13:06  Marine  
  41  13:08  Refinery  
  41  13:10  Refinery  
  41  13:12  Marine  
  45  13:22  Marine  
  37  14:06  Marine x3  
  37  14:07  Marine x3  
  43  14:24  Marine x4  
  47  14:43  Marine  
  47  14:45  Marine  
  47  15:15  Supply Depot  
Show
View Real Time Build Order
Export as new Build Order

PanzerMkv Terran - Winner!

Build Orders:  

Get SALT Encoding   

  12  0:12  Supply Depot  
  12  0:13  SCV  
  13  0:36  Barracks  
  13  0:42  SCV  
  14  0:43  Supply Depot  
  14  0:49  Refinery  
  14  1:09  Barracks  
  14  1:25  Marine  
  15  1:41  SCV  
  16  1:53  SCV  
  17  2:02  Barracks Reactor  
  18  2:12  Orbital Command  
  17  2:16  Refinery  
  17  2:17  Barracks Reactor  
  17  2:30  Engineering Bay  
  17  2:41  Marine x2  
  19  2:50  Supply Depot  
  19  2:59  Marine x2  
  21  3:17  Marine x4  
  25  3:27  Terran Infantry Weapons Level 1  
  25  3:33  SCV  
  26  3:34  Marine x2  
  26  3:35  Marine x2  
  30  3:52  Marine  
  31  4:00  Factory  
  31  4:02  Missile Turret  
  31  4:07  Marine x2  
  33  4:12  Marine  
  34  4:30  Missile Turret  
  34  4:40  Marine x2  
  34  4:41  Marine  
  37  4:48  Factory Tech Lab  
  37  5:01  Marine x3  
  37  5:02  Marine  
  41  5:21  Terran Infantry Armor Level 1  
  41  5:41  Siege Tank  
  44  5:43  Marine x3  
  45  6:07  Marine  
  45  6:08  Marine x3  
  31  6:25  Marine x2  
  31  6:26  Marine x2  
  31  6:43  Marine  
  32  6:49  Marine x3  
  35  7:01  Marine  
  35  7:07  Marine  
  34  7:20  Marine  
  34  7:21  Marine x2  
  31  7:24  Marine  
  31  7:26  SCV  
  32  7:38  Marine x2  
  32  7:39  Marine  
  30  8:09  Command Center  
  29  8:23  Starport  
  29  8:31  Marine x4  
  31  8:49  Marine x4  
  31  8:53  Siege Tank  
  30  9:01  Starport Reactor, Starport  
  29  9:07  Marine x3  
  32  9:21  Refinery  
  32  9:26  Siege Tank  
  35  9:36  Marine x3  
  38  9:58  Siege Tank  
  41  10:30  Siege Tank  
  41  10:34  Marine x4  
  37  10:51  Marine  
  37  10:52  Marine x3  
  41  11:09  Marine x3  
  41  11:10  Marine  
  38  11:27  Marine x2  
  40  11:41  Starport Reactor  
  40  11:42  Medivac x2  
  40  11:46  SCV  
  45  11:58  SCV  
  36  12:06  Marine x2  
  36  12:07  Marine  
  30  12:12  Viking x2  
  34  12:21  Marine  
  34  12:35  Medivac x2  
  38  12:38  Marine  
  38  12:42  Viking, Medivac  
  43  12:46  Orbital Command  
  43  12:51  Refinery  
  43  13:09  Armory  
  43  13:12  Marine  
  44  13:13  Marine  
  31  13:48  Marine x2  
  31  13:56  Barracks Reactor  
  31  13:57  Medivac  
  31  13:58  Medivac x2  
  31  14:02  SCV x2  
  39  14:06  Marine x2  
  41  14:14  SCV x2  
  43  14:24  Marine x2  
  43  14:26  SCV  
  46  14:52  Supply Depot  
  46  14:54  Supply Depot  
  46  14:57  Supply Depot  
Show
View Real Time Build Order
Export as new Build Order

Marchie Zerg - Winner!

Build Orders: Pool First, Swarm Host 

Get SALT Encoding   

  12  0:01  Drone  
  13  0:13  Overlord  
  13  0:19  Drone  
  14  0:22  Extractor  
  14  0:23  Drone  
  14  0:35  Drone x2  
  16  0:50  Spawning Pool  
  16  0:53  Drone  
  16  1:02  Drone  
  17  1:13  Drone  
  18  1:26  Drone  
  19  1:46  Hatchery  
  18  1:50  Zergling x4  
  18  1:51  Zergling x2  
  21  2:00  Roach Warren  
  20  2:09  Queen  
  20  2:12  Overlord  
  22  2:18  Metabolic Boost  
  22  2:27  Overlord  
  22  2:36  Drone  
  23  3:03  Roach x2  
  27  3:07  Queen  
  27  3:09  Roach  
  27  3:10  Roach  
  33  3:16  Overlord  
  33  3:22  Drone  
  33  3:27  Roach  
  36  3:34  Drone  
  36  3:39  Roach x3  
  43  3:56  Roach x3  
  49  4:04  Roach  
  51  4:16  Overlord x2  
  51  4:18  Overlord  
  51  4:28  Lair  
  52  4:31  Drone  
  52  4:35  Roach  
  52  4:37  Roach  
  56  4:42  Roach  
  58  4:49  Roach  
  60  5:14  Pneumatized Carapace  
  60  5:21  Extractor  
  44  5:58  Ravager  
  45  6:13  Roach x3  
  51  6:23  Roach  
  51  6:26  Zergling x20  
  51  6:27  Zergling x18  
  68  6:50  Zergling x2  
  68  6:51  Zergling x6  
  70  7:03  Drone x4  
  74  7:10  Infestation Pit  
  74  7:14  Extractor  
  74  7:15  Nydus Network  
  59  7:53  Swarm Host  
  59  7:54  Swarm Host x2  
  49  8:26  Swarm Host  
  49  8:27  Swarm Host  
  41  8:35  Zergling x2  
  41  8:36  Zergling x30  
  56  9:09  Zergling x4  
  62  9:10  Zergling x10  
  53  9:29  Roach x5  
  59  9:38  Swarm Host x2  
  62  9:43  Roach  
  65  10:02  Roach x3  
  65  10:03  Roach  
  72  10:21  Roach x3  
  60  10:36  Roach x3  
  60  10:41  Swarm Host  
  69  10:57  Roach x3  
  75  11:22  Nydus Canal  
  75  12:13  Overlord x4  
  75  12:14  Overlord x2  
  58  12:58  Queen  
  64  13:05  Roach x2  
  64  13:06  Roach x7  
  64  13:07  Roach  
  80  13:20  Glial Reconstitution  
  80  13:33  Queen  
  82  13:56  Roach x2  
  82  14:01  Drone  
  82  14:02  Drone  
  82  14:46  Drone x6  
Tags
 
Add a new tag
Caveats
  • Supply blocks, unpowered buildings, or Contaminate may cause inaccurate times.
  • Supply counts are checked every 10 seconds.